Cool Beans, chaotic male elven Monk ---.---------------------------- +..............................| |...--------.......-----------.| |...|+++| |------.|..|(((| +.| |...|+++| |...(.|.|..|(((| |.| ----- |...|...|+-|.._..|.-|-|...|---.|# #+...| ....-|---..|.....|....--|--.....#####|...| |..........|.....|)@.....@...).|#####...<| |........{.----|--){@d.........| ----- |...................@.B.....(..| |...--|--..........f-+---|--...| |...|...|-------.---| |...|...| |...|(((| |%..-.-..| |()[|...| |...|(.(| |%..|.|..| |..%|...| |...-----+------.---- -----...| |..............................| -------------------------------- Cool Beans the Initiate Experience level: 6 Strength: 14 Dexterity: 13 Constitution: 15 Intelligence: 15 Wisdom: 13 Charisma: 10 Health: 0(38) Energy: 42(42) Def: 7 Gold: 506 Moves: 3001 Dungeon seed: eDKOiR0ZCt9HdHQM Game ID: Cool Beans_1517926436 Your Inventory: Coins $ - 506 gold pieces Weapons m - an uncursed +0 boomerang x - the uncursed fireproof +0 Sting (alternate weapon; not wielded) Armor e - an uncursed +2 pair of leather gloves (being worn) n - a blessed +1 robe (being worn) N - an uncursed +0 helm of brilliance (being worn) Comestibles g - 4 uncursed apples h - 5 uncursed oranges i - 3 uncursed fortune cookies z - 2 uncursed eggs P - an uncursed egg Scrolls b - an uncursed scroll of enchant armor Potions c - 2 uncursed potions of healing d - a blessed potion of healing k - an uncursed potion of fruit juice w - an uncursed potion of paralysis A - an uncursed potion of confusion E - an uncursed potion of gain energy Wands R - an uncursed wand of striking (0:7) X - an uncursed wand of digging (0:3) Tools f - an uncursed magic whistle j - an uncursed oil lamp (0:1381) p - an uncursed magic harp (0:5) L - an uncursed towel Q - an uncursed magic marker (0:58) Gems q - an uncursed worthless piece of yellowish brown glass r - an uncursed worthless piece of red glass y - an uncursed worthless piece of black glass K - an uncursed worthless piece of yellow glass Y - an uncursed sapphire Spells and supernatural/magical abilities: Spell marked with ':' is quivered. Name Level Category Fail Memory h - healing 1 : healing 0% 96% B - cure blindness 2 healing 0% 100% W - pray for help -- divine ? -- Your skills at the end: Fighting Skills martial arts [Skilled] wands [Basic] Weapon Skills Spellcasting Skills healing spells [Basic] Final Attributes: You were immune to sleep. You were poison resistant. You saw invisible. You had infravision. You were stealthy. You were fast. You got a gift from your god 113 turns ago. You are dead. Vanquished creatures: a mountain nymph a rock mole 5 gnome lords 3 gnomish wizards a black naga hatchling 2 kittens 4 dwarves a rothe 2 giant bats a dwarf zombie an iguana an acid blob 3 coyotes 2 hobbits 4 manes a hobgoblin a giant rat a green mold 18 gnomes a gecko 7 jackals a kobold 3 goblins a grid bug 2 bats 3 lichens 3 newts 74 creatures vanquished. Voluntary challenges: You followed a strict vegan diet. You never hit with a wielded weapon. You read items or engraved 7 times, starting on turn 12. You never genocided any monsters. You never polymorphed an object. You never changed form. You used no wishes. You never split a pudding. You wrote Elbereth's name 1 time, starting on turn 1961. You violated your moral code, losing 22 points of alignment, starting on turn 911. Dungeon overview: The Dungeons of Doom: levels 1 to 5 Level 1 a long staircase Level 2 a general store, a sink Level 3 a fountain Level 4 an altar to Shan Lai Ching, a sink stairs to The Gnomish Mines Level 5 The Gnomish Mines: levels 5 to 7 Level 5 stairs to The Dungeons of Doom Level 6 Level 7 <- You were here many shops, a temple to Huan Ti, some fountains History has recorded: On T:1 you entered the Dungeons of Doom to retrieve the Amulet of Yendor! On T:369 you reached level 2 of The Dungeons of Doom. On T:593 you advanced to experience level 2. On T:754 you reached level 3 of The Dungeons of Doom. On T:1028 you reached level 4 of The Dungeons of Doom. On T:1377 you reached level 1 of The Gnomish Mines. On T:1408 you advanced to experience level 3. On T:1440 you advanced to experience level 4. On T:1642 you reached level 2 of The Gnomish Mines. On T:1770 you reached level 5 of The Dungeons of Doom. On T:2342 you advanced to experience level 5. On T:2557 you reached level 3 of The Gnomish Mines. On T:2728 you advanced to experience level 6. On T:2888 you received Sting from Huan Ti. Score breakdown: Gold: 506 ( 9201 points) Experience: 6 levels (12456 points) Exploration: 7 levels ( 14.89%) (10834 points) Discoveries: 15 items ( 5.45%) ( 7006 points) Valuables value: (no points given unless you survive) Artifact value: 800 ( 9877 points) Variety of kills: 27 monsters ( 7.11%) ( 7996 points) Turncount: 3001 turns ( -600 points) Survival: died (score multiplied by 80%) Total score: 45416 Latest messages: Fallow misses the housecat. (2x) Fallow bites the housecat. The housecat misses Fallow. Fallow bites the housecat. Mincemeat picks up an orcish dagger. The housecat misses Fallow. Fallow misses the housecat. The housecat bites Fallow. Fallow misses the housecat. Mincemeat drops an orcish dagger. The housecat bites! (4x) The housecat misses Fallow. Fallow misses the housecat. Fallow bites the housecat. The housecat bites Fallow. Fallow misses the housecat. The housecat bites! Mincemeat displaces the watch captain. The housecat bites! (3x) Mincemeat displaces the watch captain. The housecat bites! (9x) You die... Final status: Goodbye Cool Beans the Monk, killed by a housecat, while frozen by a potion... You died in The Gnomish Mines on dungeon level 7 with 45416 points, and 506 pieces of gold, after 3001 moves. You were level 6 with a maximum of 38 hit points when you died.